 Dungeon Crawl Stone Soup version 0.29.0-4-gdea44cf6ec (webtiles) character file.

Game seed: 10151843142775197116

20868 qw the Brawler (level 12, -15/118 HPs)
             Began as a Troll Cinder Acolyte on Aug 31, 2022.
             Was an Initiate of Ignis.
             Demolished by a death yak (18 damage)
             ... on level 3 of the Lair of Beasts.
             The game lasted 00:06:00 (10276 turns).

qw the Brawler (Troll Cinder Acolyte)              Turns: 10276, Time: 00:06:01

Health: -15/118    AC:  9    Str: 35    XL:     12   Next: 49%
Magic:  12/12      EV:  9    Int: 10    God:    Ignis [......]
Gold:   570        SH:  5    Dex:  5    Spells: 13/13 levels left

rFire   + . .      SeeInvis +     - Unarmed
rCold   . . .      Faith    .   (no shield)
rNeg    + . .      Spirit   .   p - +1 robe {rN+}
rPois   +          Reflect  +   h - +2 hat
rElec   .          Harm     .   a - +1 cloak
rCorr   .          Rampage  .   (gloves unavailable)
Will    .....                   (boots unavailable)
Stlth   +.........              o - amulet of reflection
HPRegen 1.09/turn               g - +6 ring of strength
MPRegen 0.13/turn               m - ring of see invisible

@: about to teleport, mesmerised, very slow
A: large, unfitting armour, claws 3, regeneration 1, shaggy fur 1, tough skin 1,
poison resistance
a: Renounce Religion, Rising Flame


You were on level 3 of the Lair of Beasts.
You worshipped Ignis.
Ignis was noncommittal.
You visited 2 branches of the dungeon, and saw 13 of its levels.

You collected 768 gold pieces.
You spent 198 gold pieces at shops.


Innate Abilities, Weirdness & Mutations

You are too large for most types of armour.
You have claws for hands.
Your natural rate of healing is unusually fast.
You are covered in fur. (AC +1)
You have tough skin. (AC +1)
Your system is resistant to poisons. (rPois)


   Skills:
 - Level 7.0 Fighting
 - Level 7.0 Throwing
 - Level 1.0 Armour
 - Level 3.0 Dodging
 + Level 17.3 Unarmed Combat
 - Level 1.0 Spellcasting
 - Level 2.1 Fire Magic


You had 13 spell levels left.
You didn't know any spells.
Your spell library contained the following spells:

 Spells                   Type           Power      Damage    Failure   Level
 Scorch                   Fire           8%         2d5       22%         2

Inventory:

Missiles
 s - 5 boomerangs
 v - 3 large rocks (quivered)
Armour
 a - a +1 cloak (worn)
 h - a +2 hat (worn)
 p - a +1 robe of positive energy (worn)
Jewellery
 g - a +6 ring of strength (left claw)
 m - a ring of see invisible (right claw)
 n - a ring of fire
 o - an amulet of reflection (around neck)
 q - a ring of see invisible
 u - a +6 ring of dexterity
Scrolls
 b - 7 scrolls of teleportation
 j - a scroll of enchant weapon
 l - 8 scrolls of identify
Potions
 d - 3 potions of might
 f - 2 potions of curing
 i - a potion of haste
 r - a potion of mutation

Dungeon Overview and Level Annotations

Branches:
Dungeon (10/15)            Temple (0/1) D:7            Lair (3/5) D:10
 Shoals (0/4) Lair:3       Spider (0/4) Lair:2
    Orc: D:9-12

Altars:
Hepliaklqana
Sif Muna
Trog
Yredelemnul

Shops:
D:7 !   D:10 :

Portals:
Bailey: D:7

Annotations:
D:4 3 runed translucent doors, qw's ghost, amateur TrCA
Lair:2 2 transporters, qw's ghost, journeyman TrCA


Message History

The merfolk siren chants its luring song.
You claw the death yak!
You claw the death yak, but do no damage.
The death yak is moderately wounded.
The death yak gores you.
You barely miss the death yak.
The death yak is moderately wounded.
You are no longer entranced.
You barely miss the death yak.
The death yak is moderately wounded.
The death yak gores you!!
You mangle the death yak!!
The death yak is heavily wounded.
You block the death yak's attack.
The death yak gores you but does no damage.
You eviscerate the death yak!!!
The death yak is almost dead.
The merfolk hits you from afar with a +0 trident!
You mangle the death yak!!
You kill the death yak!
The death yak gores you!!
You claw the death yak!
The death yak is lightly wounded.
The merfolk hits you from afar with a +0 trident!
The merfolk siren chants a haunting song.
You resist with almost no effort. The death yak gores you.
You mangle the death yak!!
The death yak is heavily wounded.
The merfolk hits you from afar with a +0 trident!
You completely miss the death yak.
The death yak is heavily wounded.
The death yak gores you!!
The merfolk siren chants a haunting song.
You are mesmerised by the merfolk siren!
10276 ||| READING 8 scrolls of teleportation.
As you read the scroll of teleportation, it crumbles to dust.
You feel strangely unstable.
The merfolk hits you from afar with a +0 trident!!
The death yak gores you!!
You die...

#......# ##......... ......##
#.......... ......# # ##
#.......... <....## .##.
##.......%% #.....# #..
#######......... #..#%.##
..####~~~~~###'......
####...######.#~~~#~~~#~~~#......
####P%..##P.P.#~~~#~~~#~~~#......
..###.%....P..#~@Y#####~~~#......
..##...###.P..####mYY~#####......
......## ####...# ~m>~~~#........
.#.%P## #..#####~~~+####.....#
...P## ##)#~~~##### #...#.# ...##
#.#~~~# #.%..## ..## #%#~~~#
#....## .#.# #.'### ####.....#
..## #....#######........#


You could see 3 death yaks, a merfolk and a merfolk siren (mesmerising).

Vanquished Creatures
  Gastronok (D:8)
  2 hydras (Lair:1)
  A boulder beetle (Lair:3)
  A two-headed ogre (D:10)
  A death yak (Lair:3)
  Sonja (Lair:3)
  Pikel (D:5)
  3 black mambas
  6 cane toads
  6 komodo dragons
  2 trolls
  Grinder (D:5)
  A hornet (D:9)
  3 blink frogs (Lair:3)
  4 culicivoras (Lair:2)
  A shadow (D:10)
  A vampire (D:10)
  A wyvern (D:8)
  28 yaks
  4 basilisks
  2 steam dragons
  5 water moccasins
  An ice beast (D:7)
  2 sky beasts (D:6)
  A black bear (Lair:3)
  3 wolves (D:10)
  5 centaurs
  A lemure (D:5)
  3 kobold brigands
  4 necrophages
  4 bullfrogs
  2 scorpions
  9 wights
  4 killer bees (D:8)
  4 electric eels
  5 howler monkeys
  5 jellies
  9 hounds
  3 orc priests (D:6)
  4 iguanas
  4 orc wizards
  7 hell rats (Lair:2)
  4 gnolls
  7 adders
  2 white imps (D:6)
  3 worms
  3 dart slugs
  29 orcs
  6 ball pythons
  7 bats
  7 endoplasms
  4 giant cockroaches
  6 hobgoblins
  2 jackals (D:3)
  3 quokkas
  4 frilled lizards
  9 goblins
  25 kobolds
  4 rats
281 creatures vanquished.

Vanquished Creatures (others)
  9 fungi
  17 plants
26 creatures vanquished.

Grand Total: 307 creatures vanquished

Notes
Turn   | Place    | Note
-------+----------+-------------------------------------------
     0 | D:1      | qw the Troll Cinder Acolyte began the quest for the Orb.
     0 | D:1      | Reached XP level 1. HP: 22/22 MP: 1/1
     0 | D:1      | 0 ||| qw: Version: 0.1-a-97-g2dd2ca4
     0 | D:1      | 0 ||| qw: Game counter: 4611
     0 | D:1      | 0 ||| qw: Always use a shield: true
     0 | D:1      | 0 ||| qw: God list: Okawaru
     0 | D:1      | 0 ||| qw: Allow faded altars: false
     0 | D:1      | 0 ||| qw: Do Orc after D:15 true
     0 | D:1      | 0 ||| qw: Do second Lair branch before Depths: true
     0 | D:1      | 0 ||| qw: Lair rune preference: random
     0 | D:1      | 0 ||| qw: Plans: Normal
     0 | D:1      | 0 ||| PLANNING D:1-11
    71 | D:1      | 71 ||| Stepping ~*~*~tactically~*~*~ (stealth).
    72 | D:1      | 72 ||| Stepping ~*~*~tactically~*~*~ (stealth).
    73 | D:1      | 73 ||| Stepping ~*~*~tactically~*~*~ (stealth).
   154 | D:1      | Reached XP level 2. HP: 29/29 MP: 2/2
   186 | D:1      | 186 ||| Stepping ~*~*~tactically~*~*~ (stealth).
   187 | D:1      | 187 ||| Stepping ~*~*~tactically~*~*~ (stealth).
   192 | D:1      | 192 ||| Stepping ~*~*~tactically~*~*~ (stealth).
   405 | D:1      | 405 ||| Stepping ~*~*~tactically~*~*~ (stealth).
   407 | D:1      | 407 ||| Stepping ~*~*~tactically~*~*~ (hiding).
   574 | D:1      | Reached skill level 4 in Unarmed Combat
   773 | D:1      | 773 ||| READING scroll labelled ILAFYCKU FYORI.
   774 | D:1      | 774 ||| READING scroll labelled TIDUVU BUINU.
   775 | D:1      | 775 ||| READING scroll labelled FAFAABR MYKOBE.
   873 | D:2      | Reached XP level 3. HP: 35/36 MP: 3/3
  1012 | D:2      | Found a faded altar of an unknown god.
  1154 | D:2      | Identified the amulet of the Dropbear {Spirit Dex+3}
  1615 | D:2      | 1615 ||| INVOKING Fiery Armour.
  1622 | D:2      | 1622 ||| Stepping ~*~*~tactically~*~*~ (outnumbered).
  1676 | D:2      | 1676 ||| UPGRADING to amulet of the Dropbear {Spirit
                  | Dex+3}.
  1681 | D:2      | 1681 ||| UPGRADING to +6 ring of strength.
  1682 | D:2      | 1682 ||| READING scroll labelled JAFREWARPH KOUG.
  1683 | D:2      | 1683 ||| READING scroll labelled BEOSYSH BIFEA.
  1729 | D:3      | 1729 ||| Stepping ~*~*~tactically~*~*~ (stealth).
  1872 | D:3      | 1872 ||| Stepping ~*~*~tactically~*~*~ (stealth).
  1886 | D:3      | Identified the +11 dagger "Ytagrom" {protect, *Corrode
                  | Dex+4 SInv}
  1929 | D:3      | Reached skill level 5 in Unarmed Combat
  1929 | D:3      | Reached XP level 4. HP: 44/44 MP: 4/4
  1961 | D:3      | 1961 ||| Stepping ~*~*~tactically~*~*~ (stealth).
  2124 | D:3      | 2124 ||| Stepping ~*~*~tactically~*~*~ (hiding).
  2127 | D:3      | 2127 ||| INVOKING Fiery Armour.
  2129 | D:3      | 2129 ||| STAIRDANCE
  2233 | D:2      | 2233 ||| DROPPING amulet of the acrobat.
  2234 | D:2      | 2234 ||| READING scroll labelled IRPHA QYDYIMI.
  2255 | D:2      | 2255 ||| DRINKING 2 coppery potions.
  2258 | D:3      | 2258 ||| STAIRDANCE
  2260 | D:2      | 2260 ||| INVOKING Fiery Armour.
  2287 | D:3      | Reached XP level 5. HP: 50/50 MP: 5/5
  2440 | D:4      | Found a runed translucent gate.
  2440 | D:4      | Found a runed translucent gate.
  2440 | D:4      | Found a runed translucent gate.
  2442 | D:4      | Noticed qw's ghost (amateur TrCA)
  2627 | D:4      | Reached skill level 6 in Unarmed Combat
  2627 | D:4      | 2627 ||| Stepping ~*~*~tactically~*~*~ (stealth).
  2630 | D:4      | 2630 ||| Stepping ~*~*~tactically~*~*~ (stealth).
  2654 | D:4      | Found a hazy altar of Hepliaklqana.
  2654 | D:4      | Found a shimmering blue altar of Sif Muna.
  2655 | D:4      | Found a basalt altar of Yredelemnul.
  2875 | D:4      | 2875 ||| Stepping ~*~*~tactically~*~*~ (stealth).
  2886 | D:4      | 2886 ||| INVOKING Fiery Armour.
  2904 | D:4      | Reached skill level 1 in Dodging
  3058 | D:4      | 3058 ||| UPGRADING to ring of see invisible.
  3059 | D:4      | 3059 ||| READING scroll labelled BUXKIDGHAVAH.
  3060 | D:4      | 3060 ||| DRINKING 2 clear potions.
  3061 | D:4      | 3061 ||| DROPPING potion of flight.
  3065 | D:5      | Entered Level 5 of the Dungeon
  3177 | D:5      | Noticed a lemure
  3178 | D:5      | 3178 ||| Stepping ~*~*~tactically~*~*~ (stealth).
  3189 | D:5      | Killed a lemure
  3219 | D:5      | Reached XP level 6. HP: 55/59 MP: 4/6
  3287 | D:5      | 3287 ||| Stepping ~*~*~tactically~*~*~ (stealth).
  3312 | D:5      | Reached skill level 7 in Unarmed Combat
  3442 | D:5      | Noticed Pikel
  3450 | D:5      | Killed Pikel
  3451 | D:5      | Reached skill level 9 in Unarmed Combat
  3451 | D:5      | Reached XP level 7. HP: 46/66 MP: 3/7
  3610 | D:5      | Noticed Grinder
  3611 | D:5      | 3611 ||| Stepping ~*~*~tactically~*~*~ (hiding).
  3613 | D:5      | 3613 ||| Stepping ~*~*~tactically~*~*~ (hiding).
  3617 | D:5      | Killed Grinder
  3618 | D:5      | Reached skill level 3 in Fighting
  3618 | D:5      | Reached XP level 8. HP: 78/78 MP: 8/8
  4080 | D:5      | 4080 ||| DROPPING amulet of guardian spirit.
  4081 | D:5      | 4081 ||| READING scroll labelled QAREDU PILU.
  4082 | D:5      | 4082 ||| DRINKING 2 blue potions.
  4083 | D:5      | 4083 ||| DRINKING 2 fuming clear potions.
  4084 | D:5      | 4084 ||| READING 3 scrolls of identify.
  4084 | D:5      | 4084 ||| IDENTIFYING glowing purple potion
  4085 | D:5      | 4085 ||| READING 2 scrolls of identify.
  4085 | D:5      | 4085 ||| IDENTIFYING lumpy puce potion
  4086 | D:5      | 4086 ||| DROPPING potion of attraction.
  4087 | D:5      | 4087 ||| DROPPING potion of berserk rage.
  4106 | D:6      | 4106 ||| Stepping ~*~*~tactically~*~*~ (outnumbered).
  4107 | D:6      | 4107 ||| Stepping ~*~*~tactically~*~*~ (outnumbered).
  4108 | D:6      | 4108 ||| Stepping ~*~*~tactically~*~*~ (outnumbered).
  4109 | D:6      | 4109 ||| Stepping ~*~*~tactically~*~*~ (outnumbered).
  4110 | D:6      | 4110 ||| Stepping ~*~*~tactically~*~*~ (outnumbered).
  4111 | D:6      | 4111 ||| Stepping ~*~*~tactically~*~*~ (outnumbered).
  4113 | D:6      | 4113 ||| INVOKING Fiery Armour.
  4117 | D:6      | 4117 ||| Stepping ~*~*~tactically~*~*~ (outnumbered).
  4122 | D:6      | Reached skill level 10 in Unarmed Combat
  4125 | D:6      | 4125 ||| Stepping ~*~*~tactically~*~*~ (outnumbered).
  4134 | D:6      | 4134 ||| Stepping ~*~*~tactically~*~*~ (stealth).
  4148 | D:6      | 4148 ||| Stepping ~*~*~tactically~*~*~ (stealth).
  4149 | D:6      | 4149 ||| Stepping ~*~*~tactically~*~*~ (stealth).
  4170 | D:6      | Reached skill level 11 in Unarmed Combat
  4410 | D:6      | 4410 ||| FLEEEEING.
  4421 | D:6      | Reached XP level 9. HP: 66/84 MP: 7/9
  4573 | D:6      | 4573 ||| Stepping ~*~*~tactically~*~*~ (hiding).
  4574 | D:6      | 4574 ||| INVOKING Fiery Armour.
  4661 | D:6      | 4661 ||| Stepping ~*~*~tactically~*~*~ (hiding).
  5020 | D:6      | 5020 ||| UPGRADING to ring of poison resistance.
  5022 | D:6      | 5022 ||| DROPPING ring of magical power.
  5023 | D:6      | 5023 ||| READING scroll labelled ACIREI TOHYTY.
  5024 | D:6      | 5024 ||| DRINKING 2 glowing blue potions.
  5076 | D:6      | 5076 ||| DROPPING potion of lignification.
  5090 | D:7      | Found Waybais's Distillery.
  5104 | D:7      | Found a staircase to the Ecumenical Temple.
  5120 | D:7      | 5120 ||| BUYING potion of cancellation (88 gold).
  5120 | D:7      | Bought a potion of cancellation for 88 gold pieces
  5120 | D:7      | 5120 ||| BUYING potion of haste (110 gold).
  5120 | D:7      | Bought a potion of haste for 110 gold pieces
  5136 | D:7      | 5136 ||| Stepping ~*~*~tactically~*~*~ (stealth).
  5137 | D:7      | 5137 ||| Stepping ~*~*~tactically~*~*~ (stealth).
  5147 | D:7      | 5147 ||| Stepping ~*~*~tactically~*~*~ (stealth).
  5149 | D:7      | 5149 ||| Stepping ~*~*~tactically~*~*~ (stealth).
  5149 | D:7      | Found a flagged portal.
  5166 | D:7      | Reached skill level 1 in Throwing
  5168 | D:7      | Reached skill level 12 in Unarmed Combat
  5224 | D:7      | Identified the +5 glaive of Benevolence {venom, rCorr
                  | Str+3}
  5240 | D:7      | 5240 ||| Stepping ~*~*~tactically~*~*~ (stealth).
  5242 | D:7      | 5242 ||| Stepping ~*~*~tactically~*~*~ (stealth).
  5244 | D:7      | 5244 ||| Stepping ~*~*~tactically~*~*~ (stealth).
  5272 | D:7      | 5272 ||| Stepping ~*~*~tactically~*~*~ (stealth).
  5280 | D:7      | 5280 ||| Stepping ~*~*~tactically~*~*~ (stealth).
  5281 | D:7      | 5281 ||| Stepping ~*~*~tactically~*~*~ (stealth).
  5283 | D:7      | 5283 ||| Stepping ~*~*~tactically~*~*~ (stealth).
  5577 | D:7      | 5577 ||| UPGRADING to +0 cloak.
  5642 | D:8      | 5642 ||| Stepping ~*~*~tactically~*~*~ (stealth).
  5698 | D:8      | 5698 ||| Stepping ~*~*~tactically~*~*~ (hiding).
  5699 | D:8      | 5699 ||| Stepping ~*~*~tactically~*~*~ (hiding).
  5701 | D:8      | 5701 ||| Stepping ~*~*~tactically~*~*~ (hiding).
  5704 | D:8      | Noticed Gastronok
  5708 | D:8      | 5708 ||| FLEEEEING.
  5736 | D:8      | Killed Gastronok
  5737 | D:8      | Reached skill level 13 in Unarmed Combat
  5737 | D:8      | Reached XP level 10. HP: 74/96 MP: 7/10
  5919 | D:8      | Reached skill level 1 in Armour
  5920 | D:8      | 5920 ||| Stepping ~*~*~tactically~*~*~ (hiding).
  5922 | D:8      | 5922 ||| Stepping ~*~*~tactically~*~*~ (hiding).
  6035 | D:8      | 6035 ||| Stepping ~*~*~tactically~*~*~ (stealth).
  6051 | D:8      | 6051 ||| Stepping ~*~*~tactically~*~*~ (stealth).
  6361 | D:8      | 6361 ||| UPGRADING to +2 hat.
  6419 | D:9      | 6419 ||| Stepping ~*~*~tactically~*~*~ (stealth).
  6425 | D:9      | 6425 ||| Stepping ~*~*~tactically~*~*~ (stealth).
  6431 | D:9      | 6431 ||| Stepping ~*~*~tactically~*~*~ (hiding).
  6432 | D:9      | 6432 ||| Stepping ~*~*~tactically~*~*~ (hiding).
  6644 | D:9      | 6644 ||| Stepping ~*~*~tactically~*~*~ (hiding).
  6652 | D:9      | 6652 ||| Stepping ~*~*~tactically~*~*~ (outnumbered).
  6661 | D:9      | Reached skill level 14 in Unarmed Combat
  6718 | D:9      | 6718 ||| Stepping ~*~*~tactically~*~*~ (outnumbered).
  6719 | D:9      | 6719 ||| Stepping ~*~*~tactically~*~*~ (outnumbered).
  6720 | D:9      | 6720 ||| Stepping ~*~*~tactically~*~*~ (outnumbered).
  6721 | D:9      | 6721 ||| Stepping ~*~*~tactically~*~*~ (outnumbered).
  6748 | D:9      | 6748 ||| Stepping ~*~*~tactically~*~*~ (hiding).
  6818 | D:9      | Reached skill level 6 in Fighting
  6842 | D:9      | 6842 ||| Stepping ~*~*~tactically~*~*~ (stealth).
  6844 | D:9      | 6844 ||| Stepping ~*~*~tactically~*~*~ (stealth).
  6915 | D:9      | 6915 ||| FLEEEEING.
  6916 | D:9      | 6916 ||| FLEEEEING.
  6917 | D:9      | 6917 ||| FLEEEEING.
  6918 | D:9      | 6918 ||| FLEEEEING.
  6919 | D:9      | 6919 ||| FLEEEEING.
  6920 | D:9      | 6920 ||| FLEEEEING.
  7264 | D:9      | 7264 ||| READING scroll labelled CEMYIKYSHRU.
  7265 | D:9      | 7265 ||| DRINKING 2 fuming golden potions.
  7265 | D:9      | Gained mutation: Your system is resistant to poisons.
                  | (rPois) [potion of mutation]
  7266 | D:9      | 7266 ||| REMOVING ring of poison resistance.
  7267 | D:9      | 7267 ||| UPGRADING to +6 ring of strength.
  7268 | D:9      | 7268 ||| DROPPING ring of poison resistance.
  7269 | D:9      | 7269 ||| DROPPING ring of poison resistance.
  7304 | D:10     | Entered Level 10 of the Dungeon
  7321 | D:10     | 7321 ||| INVOKING Fiery Armour.
  7334 | D:10     | 7334 ||| FLEEEEING.
  7336 | D:10     | 7336 ||| FLEEEEING.
  7346 | D:10     | Reached skill level 15 in Unarmed Combat
  7346 | D:10     | 7346 ||| FLEEEEING.
  7347 | D:10     | 7347 ||| FLEEEEING.
  7348 | D:10     | 7348 ||| FLEEEEING.
  7349 | D:10     | 7349 ||| FLEEEEING.
  7350 | D:10     | 7350 ||| FLEEEEING.
  7351 | D:10     | 7351 ||| FLEEEEING.
  7352 | D:10     | 7352 ||| FLEEEEING.
  7353 | D:10     | 7353 ||| FLEEEEING.
  7354 | D:10     | 7354 ||| FLEEEEING.
  7355 | D:10     | 7355 ||| FLEEEEING.
  7356 | D:10     | 7356 ||| FLEEEEING.
  7357 | D:10     | 7357 ||| FLEEEEING.
  7358 | D:10     | 7358 ||| STAIRDANCE
  7379 | D:10     | 7379 ||| STAIRDANCE
  7388 | D:10     | 7388 ||| STAIRDANCE
  7418 | D:10     | Found a staircase to the Lair.
  7449 | D:10     | Reached XP level 11. HP: 96/105 MP: 9/11
  7512 | D:10     | Noticed a two-headed ogre
  7514 | D:10     | Killed a two-headed ogre
  7674 | D:10     | 7674 ||| Stepping ~*~*~tactically~*~*~ (stealth).
  7718 | D:10     | Found Kucrarig's Book Shoppe.
  7793 | D:10     | 7793 ||| FLEEEEING.
  7794 | D:10     | 7794 ||| FLEEEEING.
  7796 | D:10     | 7796 ||| FLEEEEING.
  7880 | D:10     | 7880 ||| Stepping ~*~*~tactically~*~*~ (stealth).
  8023 | D:10     | 8023 ||| PLANNING LAIR
  8023 | D:10     | 8023 ||| UPGRADING to +1 robe of positive energy.
  8033 | D:10     | 8033 ||| DROPPING +0 robe.
  8074 | Lair:1   | Entered Level 1 of the Lair of Beasts
  8106 | Lair:1   | 8106 ||| Stepping ~*~*~tactically~*~*~ (outnumbered).
  8107 | Lair:1   | 8107 ||| Stepping ~*~*~tactically~*~*~ (outnumbered).
  8108 | Lair:1   | 8108 ||| Stepping ~*~*~tactically~*~*~ (outnumbered).
  8109 | Lair:1   | 8109 ||| Stepping ~*~*~tactically~*~*~ (outnumbered).
  8115 | Lair:1   | Reached skill level 16 in Unarmed Combat
  8140 | Lair:1   | 8140 ||| Stepping ~*~*~tactically~*~*~ (stealth).
  8147 | Lair:1   | 8147 ||| Stepping ~*~*~tactically~*~*~ (stealth).
  8150 | Lair:1   | 8150 ||| Stepping ~*~*~tactically~*~*~ (stealth).
  8276 | Lair:1   | 8276 ||| Stepping ~*~*~tactically~*~*~ (stealth).
  8278 | Lair:1   | 8278 ||| Stepping ~*~*~tactically~*~*~ (stealth).
  8279 | Lair:1   | 8279 ||| Stepping ~*~*~tactically~*~*~ (stealth).
  8283 | Lair:1   | 8283 ||| Stepping ~*~*~tactically~*~*~ (stealth).
  8284 | Lair:1   | 8284 ||| Stepping ~*~*~tactically~*~*~ (stealth).
  8285 | Lair:1   | 8285 ||| Stepping ~*~*~tactically~*~*~ (stealth).
  8286 | Lair:1   | 8286 ||| Stepping ~*~*~tactically~*~*~ (stealth).
  8289 | Lair:1   | Reached skill level 3 in Dodging
  8291 | Lair:1   | 8291 ||| Stepping ~*~*~tactically~*~*~ (outnumbered).
  8448 | Lair:1   | Noticed a four-headed hydra
  8449 | Lair:1   | 8449 ||| INVOKING Fiery Armour.
  8451 | Lair:1   | Killed a six-headed hydra
  8640 | Lair:1   | Noticed a four-headed hydra
  8641 | Lair:1   | 8641 ||| Stepping ~*~*~tactically~*~*~ (stealth).
  8643 | Lair:1   | 8643 ||| INVOKING Fiery Armour.
  8648 | Lair:1   | Killed a six-headed hydra
  8649 | Lair:1   | Reached skill level 3 in Throwing
  8961 | Lair:1   | 8961 ||| UPGRADING to +1 cloak.
  8971 | Lair:1   | 8971 ||| DROPPING +0 cloak.
  8972 | Lair:1   | 8972 ||| DROPPING ring of resist corrosion.
  8973 | Lair:1   | 8973 ||| READING scroll labelled JYANOTHACOSK.
  8974 | Lair:1   | 8974 ||| DRINKING 2 amethyst potions.
  9016 | Lair:2   | 9016 ||| Stepping ~*~*~tactically~*~*~ (hiding).
  9017 | Lair:2   | 9017 ||| Stepping ~*~*~tactically~*~*~ (hiding).
  9018 | Lair:2   | 9018 ||| Stepping ~*~*~tactically~*~*~ (hiding).
  9023 | Lair:2   | 9023 ||| INVOKING Fiery Armour.
  9027 | Lair:2   | HP: 26/109 [culicivora (11)]
  9028 | Lair:2   | 9028 ||| READING 9 scrolls of teleportation.
  9028 | Lair:2   | HP: 10/109 [culicivora (5)]
  9029 | Lair:2   | 9029 ||| DRINKING potion of heal wounds.
  9235 | Lair:2   | 9235 ||| DRINKING 2 potions of cancellation.
  9239 | Lair:2   | Reached XP level 12. HP: 118/118 MP: 12/12
  9263 | Lair:2   | 9263 ||| Stepping ~*~*~tactically~*~*~ (stealth).
  9265 | Lair:2   | 9265 ||| Stepping ~*~*~tactically~*~*~ (stealth).
  9277 | Lair:2   | 9277 ||| Stepping ~*~*~tactically~*~*~ (outnumbered).
  9309 | Lair:2   | 9309 ||| Stepping ~*~*~tactically~*~*~ (hiding).
  9357 | Lair:2   | Noticed qw's ghost (journeyman TrCA)
  9399 | Lair:2   | Reached skill level 6 in Throwing
  9528 | Lair:2   | Found a transporter.
  9530 | Lair:2   | Found a transporter.
  9597 | Lair:2   | Found a hole to the Spider Nest.
  9617 | Lair:2   | 9617 ||| Stepping ~*~*~tactically~*~*~ (stealth).
  9848 | Lair:2   | Found a bloodstained altar of Trog.
  9858 | Lair:2   | 9858 ||| Stepping ~*~*~tactically~*~*~ (stealth).
  9941 | Lair:2   | 9941 ||| DROPPING amulet of regeneration.
  9942 | Lair:2   | 9942 ||| UPGRADING to amulet of reflection.
  9952 | Lair:2   | 9952 ||| DROPPING amulet of the Dropbear {Spirit Dex+3}.
  9953 | Lair:2   | 9953 ||| READING scroll labelled BABBYO ZUOQOVEUPN.
  9989 | Lair:3   | 9989 ||| Stepping ~*~*~tactically~*~*~ (stealth).
  9990 | Lair:3   | 9990 ||| INVOKING Fiery Armour.
  9992 | Lair:3   | 9992 ||| Stepping ~*~*~tactically~*~*~ (stealth).
 10086 | Lair:3   | Noticed Sonja
 10090 | Lair:3   | 10090 ||| INVOKING Fiery Armour.
 10098 | Lair:3   | Killed Sonja
 10142 | Lair:3   | Reached skill level 17 in Unarmed Combat
 10148 | Lair:3   | Noticed a boulder beetle
 10158 | Lair:3   | 10158 ||| DRINKING potion of cancellation.
 10160 | Lair:3   | Killed a boulder beetle
 10263 | Lair:3   | Found a staircase to the Shoals.
 10263 | Lair:3   | Noticed a death yak
 10263 | Lair:3   | Noticed a death yak
 10263 | Lair:3   | Noticed a death yak
 10263 | Lair:3   | Noticed a death yak
 10263 | Lair:3   | Noticed a death yak
 10263 | Lair:3   | Noticed a death yak
 10264 | Lair:3   | 10264 ||| PLANNING TEMPLE
 10272 | Lair:3   | Killed a death yak
 10275 | Lair:3   | HP: 20/118 [death yak (19)]
 10276 | Lair:3   | 10276 ||| READING 8 scrolls of teleportation.
 10276 | Lair:3   | HP: 3/118 [merfolk/+0 trident (18)]
 10276 | Lair:3   | Demolished by a death yak

Levels and vault maps discovered:
D:1:      wheals_arrival_shading, layout_loops_ring, st_stairs_7
D:2:      layout_loops_corners, hellmonk_ecumenical_altar_pennies_from_heaven,
          minmay_joined_circles
D:3:      layout_loops_cross
D:4:      layout_loops_ring, gammafunk_temple_overflow_claw,
          gammafunk_ghost_split, minmay_circle_x
D:5:      minmay_angry_zag, layout_basic, uniq_pikel, uniq_grinder
D:6:      minmay_skewed_foursquare, layout_basic, serial_bayou,
          serial_bayou_shore_a, serial_bayou_pond_b, serial_bayou_ford_a,
          serial_bayou_pond_b, minmay_starry_boxes
D:7:      layout_rooms, minmay_temple_entry_overgrown, enter_bailey_6,
          serial_shops, shop
D:8:      layout_cave_pools, st_stairs_3, uniq_gastronok
D:9:      layout_loops_ring
D:10:     layout_roguey, erik_lair_island, serial_shops, shop,
          patterned_corridor
Lair:1:   layout_regular_city, serial_bayou_shore_b
Lair:2:   layout_long_grid, hellmonk_spider_entry_life_and_decay,
          gammafunk_ghost_wrathful_warriors
Lair:3:   layout_cave_pods, elwin_shoals_entry_rooms, uniq_sonja

Skill      XL: |  1  2  3  4  5  6  7  8  9 10 11 12 |
---------------+-------------------------------------+-----
Unarmed Combat | 4 5 6 9 11 13 15 16 17 | 17.3
Dodging        | 1 2 3 |  3.0
Fighting       | 3 4 5 6 7 |  7.0
Throwing       | 1 5 7 |  7.0
Armour         | 1 |  1.0
Spellcasting   | |  1.0
Fire Magic     | |  2.1

Action                   |  1- 3 |  4- 6 |  7- 9 | 10-12 || total
-------------------------+-------+-------+-------+-------++-------
Melee: Unarmed           |   120 |   104 |   181 |   308 ||   713
       Punch             |     1 |     2 |    10 |    21 ||    34
Throw: Boomerang         |       |       |    28 |    39 ||    67
       Large rock        |       |       |       |    25 ||    25
Invok: Fiery Armour      |     1 |     3 |     2 |     6 ||    12
  Use: Scroll            |     5 |     2 |     4 |     5 ||    16
       Potion            |       |     2 |     3 |     5 ||    10
Armor: Robe              |    53 |    24 |    29 |    69 ||   175
Dodge: Dodged            |    56 |    30 |    65 |    99 ||   250
Block: Other             |       |       |       |     5 ||     5
       Reflection        |       |       |       |     1 ||     1

Table legend:
 A = Non-vault XP
 B = Vault XP
 C = Vault XP percentage of total XP
 D = Non-vault monster count
 E = Vault monster count
 F = Vault count percentage of total count
                 A         B        C        D         E       F
            +---------+---------+-------+---------+---------+-------
      Total |   24081 |    5731 |  19.2 |     228 |      52 |  18.6
            +---------+---------+-------+---------+---------+-------
        D:1 |      35 |       1 |   2.8 |      22 |       1 |   4.3
        D:2 |      68 |      25 |  26.9 |      11 |      12 |  52.2
        D:3 |      73 |       0 |   0.0 |      14 |       0 |   0.0
        D:4 |     103 |      15 |  12.7 |      13 |       6 |  31.6
        D:5 |     345 |    1061 |  75.5 |      12 |       5 |  29.4
        D:6 |    1153 |     459 |  28.5 |      18 |      13 |  41.9
        D:7 |     913 |       0 |   0.0 |      21 |       0 |   0.0
        D:8 |     862 |    1719 |  66.6 |      18 |       3 |  14.3
        D:9 |    2738 |       0 |   0.0 |      28 |       0 |   0.0
       D:10 |    3484 |     794 |  18.6 |      19 |       7 |  26.9
     Lair:1 |    6800 |       0 |   0.0 |      23 |       0 |   0.0
     Lair:2 |    2917 |     885 |  23.3 |      17 |       4 |  19.0
     Lair:3 |    4590 |     772 |  14.4 |      12 |       1 |   7.7
            +---------+---------+-------+---------+---------+-------
